 Dungeon Crawl Stone Soup version 0.25-b1-29-g4cfa5c7 (webtiles) character file.

Game seed: 9314331763437595471, levelgen mode: deterministic

67 Dorkslayer the Skirmisher (level 3, -23/29 HPs)
             Began as a Demonspawn Abyssal Knight on May 31, 2020.
             Was a Follower of Lugonu.
             Killed from afar by a gnoll (25 damage)
             ... with an exploding inner flame
             ... hexed by the player character
             ... on level 2 of the Dungeon.
             The game lasted 00:04:29 (1103 turns).

Dorkslayer the Skirmisher (DsAK)                    Turns: 1103, Time: 00:04:30

Health: -23/29     AC:  8    Str: 13    XL:     3   Next: 98%
Magic:  5/5        EV:  6    Int: 13    God:    Lugonu [*.....]
Gold:   81         SH:  0    Dex: 12    Spells: 2/2 levels left

rFire    . . .     SeeInvis .   n - +2 dagger (venom)
rCold    . . .     Gourm    .   (no shield)
rNeg     . . .     Faith    .   l - +0 chain mail
rPois    .         Spirit   .   (helmet restricted)
rElec    .         Reflect  .   (no cloak)
rCorr    .         Harm     .   (no gloves)
MR       .....                  (no boots)
Stlth    ..........             (no amulet)
HPRegen  0.09/turn              (no ring)
MPRegen  0.09/turn              (no ring)

@: hasted, very quick
A: horns 1, rot immunity
a: Depart the Abyss, Renounce Religion


You were on level 2 of the Dungeon.
You worshipped Lugonu.
Lugonu was aware of your devotion.
You were not hungry.

You visited 1 branch of the dungeon, and saw 2 of its levels.
You visited the Abyss 1 time.

You collected 81 gold pieces.

Inventory:

Hand Weapons
 a - a +1 hand axe
 n - a +2 dagger of venom (weapon)
Armour
 f - a +0 helmet
 l - a +0 chain mail (worn)
Scrolls
 b - a scroll of enchant armour {unknown}
 g - a scroll of teleportation {unknown}
 h - a scroll of fog {unknown}
 k - a scroll of remove curse
Potions
 j - a potion of haste
 m - a potion of lignification
Comestibles
 c - 2 rations
 d - 8 chunks of flesh


   Skills:
 + Level 3.6 Fighting
 + Level 3.0 Axes
 + Level 2.0 Armour
 + Level 1.0 Dodging
 + Level 2.9 Invocations


You had 2 spell levels left.
You didn't know any spells.
Your spell library was empty.

Dungeon Overview and Level Annotations

Branches:
Dungeon (2/15)

Altars:
Zin


Innate Abilities, Weirdness & Mutations

You have a pair of small horns on your head.
You are immune to rotting.


Message History

You see here 2 chunks of flesh.
d - 8 chunks of flesh (gained 2)
The gnoll shouts!
As you read the scroll labeled MOCHEEBUSA, it crumbles to dust.
You feel blessed for a moment.
It was a scroll of remove curse.
As you read the scroll labeled XOSTRI HAOSK, it crumbles to dust.
The creatures around you are filled with an inner flame!
It was a scroll of immolation.
It was a potion of curing.
You feel better.
You feel yourself speed up. The gnoll hits you but does no damage.
The gnoll hits you from afar with a +0 halberd!
You completely miss the gnoll. The gnoll hits you with a +0 halberd!
* * * LOW HITPOINT WARNING * * *
You hit the gnoll.
Flame seeps out of the gnoll.
The gnoll is poisoned.
The gnoll is heavily wounded.
The gnoll is engulfed in blazing flames.
The gnoll explodes!
The fiery explosion engulfs you!!
Ouch! That really hurt!
You die...

(# ####.... .# #....# .#
##....# .###...###
†##..#.# .##.##.#
.##.##.# .
.#..##.##############....
...###..........@○gg.....
..## ################...?
..# . ..# ###


You could see 2 gnolls.

Vanquished Creatures
  Jessica (D:2)
  An adder (D:2)
  2 dart slugs (D:1)
  2 bats
  A giant cockroach (D:2)
  5 goblins (D:1)
  2 hobgoblins (D:1)
  4 jackals (D:2)
  3 kobolds
  2 ball pythons
  A frilled lizard (D:1)
  2 rats
26 creatures vanquished.

Notes
Turn   | Place    | Note
-------+----------+-------------------------------------------
     0 | Abyss:1  | Dorkslayer the Demonspawn Abyssal Knight began the quest
                  | for the Orb.
     0 | Abyss:1  | Reached XP level 1. HP: 18/18 MP: 2/2
    34 | Abyss:1  | Noticed a large abomination
    43 | Abyss:1  | Noticed a large abomination
    55 | Abyss:1  | Noticed a small abomination
    56 | D:1      | Escaped the Abyss
   235 | D:1      | Gained mutation: You have a pair of small horns on your
                  | head. [demonic ancestry]
   235 | D:1      | Reached XP level 2. HP: 8/24 MP: 3/3
   378 | D:1      | Reached * piety under Lugonu
   880 | D:2      | Noticed Jessica
   891 | D:2      | Killed Jessica
   891 | D:2      | Gained mutation: You are immune to rotting. [demonic
                  | ancestry]
   891 | D:2      | Reached XP level 3. HP: 26/29 MP: 5/5
   908 | D:2      | Found a glowing silver altar of Zin.
   963 | D:2      | Reached skill level 1 in Dodging
  1103 | D:2      | Killed from afar by a gnoll

Illustrated notes

Levels and vault maps discovered:
D:1:      arrival_zaba_pyramid, layout_basic
D:2:      layout_rooms, lemuel_round_altar, uniq_jessica

Skill      XL: |  1  2  3 |
---------------+----------+-----
Axes           | 2 3 |  3.0
Armour         | 2 |  2.0
Dodging        | 1 |  1.0
Fighting       | |  3.6
Invocations    | |  2.9

Action                   || total
-------------------------++-------
Melee: Hand axe          ||    70
       Headbutt          ||     4
       Dagger            ||     4
Invok: Depart the Abyss  ||     1
  Use: Potion            ||     4
       Scroll            ||     2
  Eat: Chunk             ||     1
Armor: Ring mail         ||    22
       Leather armour    ||     2
       Chain mail        ||    33
Dodge: Dodged            ||    32
